| TOP OF THE 1ST |
|
Connecticut Tigers batting - Pitching for Vermont Lake Monsters : LHP Kevin Barteaux
|
|
Pitching: LHP Kevin Barteaux
|
|
|
Batting: RHB Eric Angelle
|
0-0: Ball 1-0: Called Strike 1-1: Foul Ball, location: 2F 1-2: Ball 2-2: Strikes out swinging
|
|
Batting: RHB Tommy McDonald
|
0-0: Foul Ball, location: 2F 0-1: Ball 1-1: Foul Ball, location: 2F 1-2: Ball 2-2: Foul Ball, location: 2F 2-2: Ground out 6-3 (Groundball, 6, EV 103.1 MPH)
|
|
Batting: RHB Tanner Purchase
|
0-0: Called Strike 0-1: Ball 1-1: Foul Ball, location: 2F 1-2: Ball 2-2: Strikes out swinging
|
| Top of the 1st over - 0 runs, 0 hits, 0 errors, 0 left on base; Connecticut 0 - Vermont 0 |
| BOTTOM OF THE 1ST |
|
Vermont Lake Monsters batting - Pitching for Connecticut Tigers : RHP John Evancho
|
|
Pitching: RHP John Evancho
|
|
|
Batting: RHB Ricky Rivera
|
0-0: Ball 1-0: Ground out 5-3 (Groundball, 56, EV 85.0 MPH)
|
|
Batting: RHB Brent Breckenridge
|
0-0: Called Strike 0-1: Ball 1-1: Ground out 4-3 (Groundball, 4, EV 75.6 MPH)
|
|
Batting: RHB Matt Black
|
0-0: Ball 1-0: Swinging Strike 1-1: Called Strike 1-2: Ground out U3 (Groundball, 3L, EV 101.3 MPH)
|
| Bottom of the 1st over - 0 runs, 0 hits, 0 errors, 0 left on base; Connecticut 0 - Vermont 0 |
| TOP OF THE 2ND |
|
Connecticut Tigers batting - Pitching for Vermont Lake Monsters : LHP Kevin Barteaux
|
|
Batting: RHB Brandon O'Malley
|
0-0: Foul Ball, location: 2F 0-1: Swinging Strike 0-2: Strikes out swinging
|
|
Batting: RHB Billy Verdusco
|
0-0: Called Strike 0-1: Ball 1-1: Ball 2-1: Foul Ball, location: 2F 2-2: Hit by Pitch
|
|
Batting: SHB Sean Foley
|
0-0: Foul Ball, location: 2F 0-1: Called Strike 0-2: Ball 1-2: Strikes out swinging
|
|
Batting: RHB Mike Sebastian
|
0-0: Ball 1-0: Called Strike 1-1: Foul Ball, location: 2F 1-2: Ball 2-2: Ball 3-2: Strikes out looking
|
| Top of the 2nd over - 0 runs, 0 hits, 0 errors, 1 left on base; Connecticut 0 - Vermont 0 |
| BOTTOM OF THE 2ND |
|
Vermont Lake Monsters batting - Pitching for Connecticut Tigers : RHP John Evancho
|
|
Batting: RHB Josh Whaley
|
0-0: Foul Ball, location: 2F 0-1: Ball 1-1: Ball 2-1: TRIPLE (Line Drive, 7D, EV 97.5 MPH)
|
|
Batting: LHB Jose Zamarripa
|
0-0: Called Strike 0-1: Foul Ball, location: 2F 0-2: Foul Ball, location: 2F 0-2: Foul Ball, location: 2F 0-2: Strikes out swinging
|
|
Batting: LHB Youp van Erp
|
0-0: Reached on error, E4 (Groundball, 4, EV 99.4 MPH) Josh Whaley scores
|
|
Batting: RHB Yasuzo Rin
|
0-0: Ball 1-0: Called Strike 1-1: Fly out, F7 (Flyball, 7, EV 83.1 MPH)
|
|
Batting: RHB Jose Esquivel
|
0-0: Foul Ball, location: 2F 0-1: Ball 1-1: Ball 2-1: Called Strike 2-2: Foul Ball, location: 2F 2-2: Strikes out looking
|
| Bottom of the 2nd over - 1 run, 1 hit, 1 error, 1 left on base; Connecticut 0 - Vermont 1 |
| TOP OF THE 3RD |
|
Connecticut Tigers batting - Pitching for Vermont Lake Monsters : LHP Kevin Barteaux
|
|
Batting: LHB Miguel Bojorquez
|
0-0: Called Strike 0-1: Foul Ball, location: 2F 0-2: Strikes out looking
|
|
Batting: SHB Dan Crutchfield
|
0-0: Ground out 6-3 (Groundball, 6, EV 83.8 MPH)
|
|
Batting: RHB Eric Angelle
|
0-0: Ball 1-0: Foul Ball, location: 2F 1-1: Ball 2-1: Swinging Strike 2-2: Strikes out looking
|
| Top of the 3rd over - 0 runs, 0 hits, 0 errors, 0 left on base; Connecticut 0 - Vermont 1 |
| BOTTOM OF THE 3RD |
|
Vermont Lake Monsters batting - Pitching for Connecticut Tigers : RHP John Evancho
|
|
Batting: RHB Manny Santos
|
0-0: Called Strike 0-1: Foul Ball, location: 2F 0-2: Ground out 4-3 (Groundball, 4, EV 88.1 MPH)
|
|
Batting: RHB Ricky Rivera
|
0-0: Hit by Pitch
|
|
Batting: RHB Brent Breckenridge
|
0-0: Foul Ball, location: 2F 0-1: Ball 1-1: Ball 2-1: Called Strike Ricky Rivera steals 2nd base 2-2: Ball 3-2: Foul Ball, location: 2F 3-2: Strikes out looking
|
|
Batting: RHB Matt Black
|
0-0: Ball 1-0: Ball 2-0: Ball 3-0: Called Strike 3-1: Swinging Strike 3-2: Base on Balls
|
|
Batting: RHB Josh Whaley
|
0-0: Ground out 5-3 (Groundball, 56S, EV 86.3 MPH)
|
| Bottom of the 3rd over - 0 runs, 0 hits, 0 errors, 2 left on base; Connecticut 0 - Vermont 1 |
| TOP OF THE 4TH |
|
Connecticut Tigers batting - Pitching for Vermont Lake Monsters : LHP Kevin Barteaux
|
|
Batting: RHB Tommy McDonald
|
0-0: Called Strike 0-1: Ball 1-1: Foul Ball, location: 2F 1-2: Ball 2-2: Fly out, F8 (Flyball, 8RD, EV 99.4 MPH)
|
|
Batting: RHB Tanner Purchase
|
0-0: Ball 1-0: Called Strike 1-1: Ball 2-1: Swinging Strike 2-2: Ball 3-2: Foul Ball, location: 2F 3-2: Base on Balls
|
|
Batting: RHB Brandon O'Malley
|
0-0: Ball 1-0: Called Strike Tanner Purchase steals 2nd base 1-1: Foul Ball, location: 2F 1-2: Foul Ball, location: 2F 1-2: Ground out 6-3 (Groundball, 6, EV 105.6 MPH)
|
|
Batting: RHB Billy Verdusco
|
0-0: Ball 1-0: Swinging Strike 1-1: Ball 2-1: Swinging Strike 2-2: Strikes out looking
|
| Top of the 4th over - 0 runs, 0 hits, 0 errors, 1 left on base; Connecticut 0 - Vermont 1 |
| BOTTOM OF THE 4TH |
|
Vermont Lake Monsters batting - Pitching for Connecticut Tigers : RHP John Evancho
|
|
Batting: LHB Jose Zamarripa
|
0-0: Ball 1-0: Foul Ball, location: 2F 1-1: Ball 2-1: Ball 3-1: Base on Balls
|
|
Batting: LHB Youp van Erp
|
0-0: Ball 1-0: Called Strike 1-1: Foul Ball, location: 2F 1-2: Ball 2-2: Foul Ball, location: 2F 2-2: Ball 3-2: Strikes out swinging
|
|
Batting: RHB Yasuzo Rin
|
0-0: Called Strike 0-1: Swinging Strike 0-2: Foul Ball, location: 2F 0-2: Strikes out looking
|
|
Batting: RHB Jose Esquivel
|
0-0: SINGLE (Groundball, 6S, EV 69.4 MPH) (infield hit) Jose Zamarripa to second
|
|
Batting: RHB Manny Santos
|
0-0: Foul Ball, location: 2F 0-1: Foul Ball, location: 2F 0-2: Ball 1-2: Strikes out swinging
|
| Bottom of the 4th over - 0 runs, 1 hit, 0 errors, 2 left on base; Connecticut 0 - Vermont 1 |
| TOP OF THE 5TH |
|
Connecticut Tigers batting - Pitching for Vermont Lake Monsters : LHP Kevin Barteaux
|
|
Batting: SHB Sean Foley
|
0-0: Swinging Strike 0-1: Ball 1-1: Called Strike 1-2: Strikes out swinging
|
|
Batting: RHB Mike Sebastian
|
0-0: Fly out, F4 (Flyball, 34D, EV 91.9 MPH)
|
|
Batting: LHB Miguel Bojorquez
|
0-0: Swinging Strike 0-1: Ball 1-1: Ball 2-1: Ball 3-1: Called Strike 3-2: Strikes out swinging
|
| Top of the 5th over - 0 runs, 0 hits, 0 errors, 0 left on base; Connecticut 0 - Vermont 1 |
| BOTTOM OF THE 5TH |
|
Vermont Lake Monsters batting - Pitching for Connecticut Tigers : RHP John Evancho
|
|
Batting: RHB Ricky Rivera
|
0-0: SINGLE (Line Drive, 8RS, EV 110.0 MPH)
|
|
Batting: RHB Brent Breckenridge
|
0-0: Ball Ricky Rivera steals 2nd, throwing error, E2 Ricky Rivera to third 1-0: Called Strike 1-1: Ball 2-1: TRIPLE (Groundball, 3L, EV 102.5 MPH) Ricky Rivera scores
|
|
Batting: RHB Matt Black
|
0-0: Called Strike 0-1: Foul Ball, location: 2F 0-2: Foul Ball, location: 2F 0-2: Foul Ball, location: 2F 0-2: Strikes out swinging
|
|
Pitching: RHP Juan Murillo
|
|
|
Batting: RHB Josh Whaley
|
0-0: Ball 1-0: Swinging Strike 1-1: Ground out 6-3 (Groundball, 6, EV 77.5 MPH) Brent Breckenridge scores
|
|
Batting: LHB Jose Zamarripa
|
0-0: Ball 1-0: Ball 2-0: Called Strike 2-1: Foul Ball, location: 2F 2-2: Strikes out swinging
|
| Bottom of the 5th over - 2 runs, 2 hits, 1 error, 0 left on base; Connecticut 0 - Vermont 3 |
| TOP OF THE 6TH |
|
Connecticut Tigers batting - Pitching for Vermont Lake Monsters : LHP Kevin Barteaux
|
|
Pitching: RHP Dong-choon Park
|
|
|
Batting: SHB Dan Crutchfield
|
0-0: Ball 1-0: Ball 2-0: Foul Ball, location: 2F 2-1: Foul Ball, location: 2F 2-2: Foul Ball, location: 2F 2-2: Ground out 4-3 (Groundball, 4D, EV 100.0 MPH)
|
|
Batting: RHB Eric Angelle
|
0-0: Called Strike 0-1: Ball 1-1: Swinging Strike 1-2: Strikes out looking
|
|
Batting: RHB Tommy McDonald
|
0-0: Ball 1-0: Called Strike 1-1: SINGLE (Groundball, 5, EV 97.5 MPH)
|
|
Batting: RHB Tanner Purchase
|
0-0: Ball 1-0: Foul Ball, location: 2F 1-1: Called Strike 1-2: Ground out 5-3 (Groundball, 56S, EV 89.4 MPH)
|
| Top of the 6th over - 0 runs, 1 hit, 0 errors, 1 left on base; Connecticut 0 - Vermont 3 |
| BOTTOM OF THE 6TH |
|
Vermont Lake Monsters batting - Pitching for Connecticut Tigers : RHP Juan Murillo
|
|
Batting: LHB Youp van Erp
|
0-0: Foul Ball, location: 2F 0-1: Hit by Pitch
|
|
Batting: RHB Yasuzo Rin
|
Pickoff Throw to First - Out! 1-3 0-0: Foul Ball, location: 2F 0-1: Ball 1-1: Ball 2-1: Ball 3-1: Base on Balls
|
|
Batting: RHB Jose Esquivel
|
0-0: Ball Yasuzo Rin steals 2nd base 1-0: Ball Wild Pitch! Yasuzo Rin to third 2-0: Called Strike 2-1: Foul Ball, location: 2F 2-2: Foul Ball, location: 2F 2-2: Strikes out swinging
|
|
Batting: RHB Manny Santos
|
0-0: Ball 1-0: Called Strike 1-1: Swinging Strike 1-2: Strikes out looking
|
| Bottom of the 6th over - 0 runs, 0 hits, 0 errors, 1 left on base; Connecticut 0 - Vermont 3 |
| TOP OF THE 7TH |
|
Connecticut Tigers batting - Pitching for Vermont Lake Monsters : RHP Dong-choon Park
|
|
Batting: RHB Brandon O'Malley
|
0-0: Swinging Strike 0-1: Ball 1-1: DOUBLE (Line Drive, 3D, EV 105.0 MPH)
|
|
Batting: RHB Billy Verdusco
|
0-0: Foul Ball, location: 2F 0-1: Reached on error, E5 (Groundball, 56S, EV 71.9 MPH) Brandon O'Malley to third
|
|
Batting: SHB Sean Foley
|
0-0: Called Strike 0-1: Foul Ball, location: 2F 0-2: Fly out, F8 (Line Drive, 8RM, EV 91.9 MPH)
|
|
Batting: RHB Mike Sebastian
|
0-0: Called Strike 0-1: Ball Billy Verdusco steals 2nd base (no throw) 1-1: Ground out 1-3 (Groundball, 15S, EV 73.1 MPH)
|
|
Batting: LHB Miguel Bojorquez
|
0-0: Called Strike 0-1: Foul Ball, location: 2F 0-2: Foul Ball, location: 2F 0-2: Strikes out swinging
|
| Top of the 7th over - 0 runs, 1 hit, 1 error, 2 left on base; Connecticut 0 - Vermont 3 |
| BOTTOM OF THE 7TH |
|
Vermont Lake Monsters batting - Pitching for Connecticut Tigers : RHP Juan Murillo
|
|
Pitching: LHP Chris Woodruff
|
|
|
Batting: RHB Ricky Rivera
|
0-0: Ball 1-0: Ground out 5-3 (Groundball, 5D, EV 105.6 MPH)
|
|
Batting: RHB Brent Breckenridge
|
0-0: Called Strike 0-1: SINGLE (Groundball, 6S, EV 71.9 MPH) (infield hit)
|
|
Batting: RHB Matt Black
|
0-0: Called Strike 0-1: Ball Brent Breckenridge steals 2nd base 1-1: Foul Ball, location: 2F 1-2: Ball 2-2: Foul Ball, location: 2F 2-2: Ground out 3-1 (Groundball, 34S, EV 83.8 MPH) Brent Breckenridge to third
|
|
Batting: RHB Josh Whaley
|
0-0: Ball 1-0: Foul Ball, location: 2F 1-1: Ball 2-1: Called Strike 2-2: Ground out 6-3 (Groundball, 6, EV 81.3 MPH)
|
| Bottom of the 7th over - 0 runs, 1 hit, 0 errors, 1 left on base; Connecticut 0 - Vermont 3 |
| TOP OF THE 8TH |
|
Connecticut Tigers batting - Pitching for Vermont Lake Monsters : RHP Dong-choon Park
|
|
Pitching: LHP Umberto van der Vleuten
|
|
|
Pinch Hitting: RHB Keith Hoffman
|
0-0: Ball 1-0: Ball 2-0: Ball 3-0: Called Strike 3-1: Foul Ball, location: 2F 3-2: Foul Ball, location: 2F 3-2: Foul Ball, location: 2F 3-2: Foul Ball, location: 2F 3-2: Ground out 6-3 (Groundball, 6, EV 84.4 MPH)
|
|
Batting: RHB Eric Angelle
|
0-0: Foul Ball, location: 2F 0-1: Called Strike 0-2: Ball 1-2: Strikes out swinging
|
|
Batting: RHB Tommy McDonald
|
0-0: Swinging Strike 0-1: Called Strike 0-2: Strikes out swinging
|
| Top of the 8th over - 0 runs, 0 hits, 0 errors, 0 left on base; Connecticut 0 - Vermont 3 |
| BOTTOM OF THE 8TH |
|
Vermont Lake Monsters batting - Pitching for Connecticut Tigers : LHP Chris Woodruff
|
|
Pitching: RHP Vic Flores
|
|
|
Now at 1B: Eric Angelle
|
|
|
Now in LF: Keith Hoffman
|
|
|
Batting: LHB Jose Zamarripa
|
0-0: Called Strike 0-1: Called Strike 0-2: Ball 1-2: Ball 2-2: Foul Ball, location: 2F 2-2: Foul Ball, location: 2F 2-2: Ball 3-2: Base on Balls
|
|
Batting: LHB Youp van Erp
|
0-0: DOUBLE (Line Drive, 3D, EV 107.5 MPH) Jose Zamarripa to third
|
|
Batting: RHB Yasuzo Rin
|
0-0: Ball 1-0: Ball Wild Pitch! Jose Zamarripa scores Youp van Erp to third 2-0: Ball 3-0: Base on Balls
|
|
Batting: RHB Jose Esquivel
|
0-0: Ball 1-0: Ball 2-0: Ball Yasuzo Rin steals 2nd base 3-0: Called Strike 3-1: Ground out 6-3 (Groundball, 6, EV 88.1 MPH) Youp van Erp scores Yasuzo Rin to third
|
|
Batting: RHB Manny Santos
|
0-0: Called Strike 0-1: Foul Ball, location: 2F 0-2: Strikes out swinging
|
|
Batting: RHB Ricky Rivera
|
0-0: Ball 1-0: Ground out 4-3 (Groundball, 4, EV 91.3 MPH)
|
| Bottom of the 8th over - 2 runs, 1 hit, 0 errors, 1 left on base; Connecticut 0 - Vermont 5 |
| TOP OF THE 9TH |
|
Connecticut Tigers batting - Pitching for Vermont Lake Monsters : LHP Umberto van der Vleuten
|
|
Batting: RHB Tanner Purchase
|
0-0: Ball 1-0: Ball 2-0: Called Strike 2-1: Ball 3-1: Called Strike 3-2: Ground out 6-3 (Groundball, 6, EV 91.9 MPH)
|
|
Batting: RHB Brandon O'Malley
|
0-0: Ball 1-0: Called Strike 1-1: Ball 2-1: Swinging Strike 2-2: Foul Ball, location: 2F 2-2: Ball 3-2: Ground out 5-3 (Groundball, 25, EV 93.8 MPH)
|
|
Pitching: RHP Jose Navia
|
|
|
Batting: RHB Billy Verdusco
|
0-0: Ball 1-0: Called Strike 1-1: Swinging Strike 1-2: Strikes out swinging
|
| Top of the 9th over - 0 runs, 0 hits, 0 errors, 0 left on base; Connecticut 0 - Vermont 5 |
|